 Dungeon Crawl Stone Soup version 0.16.2-2-g470672f (webtiles) character file.

499 CrazyArbalest the Bolt Thrower (level 6, -1/51 HPs)
             Began as a Centaur Hunter on Aug 21, 2015.
             Succumbed to poison (a potion of poison)
             ... on level 6 of the Dungeon.
             The game lasted 00:24:29 (5643 turns).

CrazyArbalest the Bolt Thrower (Centaur Hunter)     Turns: 5643, Time: 00:24:29

Health: -1/51      AC:  7    Str: 14    XL:     6   Next: 94%
Magic:  5/5        EV:  9    Int: 10    God:
Gold:   312        SH:  0    Dex: 12    Spells: 0 memorised, 5 levels left

rFire  . . .     SeeInvis .     a - +0 war axe
rCold  . . .     Clarity  .     k - +0 ring mail
rNeg   . . .     SustAb   .     (no shield)
rPois  .         Gourm    .     u - +0 helmet
rElec  .         Spirit   .     (no cloak)
rCorr  .         Warding  .     (no gloves)
rMut   .         Stasis   .     (no barding)
MR     .....                    (no amulet)
Stlth  +.........               (no ring)
                                (no ring)

@: lethally poisoned (-1 -> -40), flying, very quick, not resistant to hostile
enchantments, very unstealthy
A: hooves 3, deformed body, speed 2, tough skin 3
a: no special abilities


You were on level 6 of the Dungeon.
You were not hungry.

You visited 2 branches of the dungeon, and saw 6 of its levels.

You collected 312 gold pieces.

Inventory:

Hand weapons
 a - a +0 war axe (weapon)
 b - a +1 hand crossbow
 i - a +0 dagger of flaming
 n - a +0 whip
 v - a +0 flail
 x - a +0 hand axe
 C - a +0 whip
 D - a +0 flail
 I - a +0 flail
 J - a +0 flail
Missiles
 c - 33 bolts
 F - 19 silver bolts
Armour
 d - a +0 leather armour
 k - a +0 ring mail (worn)
 u - a +0 helmet (worn)
Jewellery
 e - an uncursed amulet of faith {unknown}
Magical devices
 w - a wand of heal wounds (4)
 E - a wand of random effects (22)
 N - a wand of digging (7)
Scrolls
 g - a scroll of magic mapping {unknown}
 p - 2 scrolls of remove curse {unknown}
 q - 2 scrolls of identify {unknown}
 t - 2 scrolls of immolation {unknown}
 y - 2 scrolls of random uselessness {unknown}
 z - a scroll of fog {unknown}
 B - a scroll of amnesia {unknown}
 L - a scroll of enchant armour {unknown}
Potions
 h - a potion of heal wounds {unknown}
 j - 2 potions of flight
 l - a potion of brilliance {unknown}
 s - a potion of restore abilities {unknown}
 M - a potion of curing {unknown}
Books
 A - a book of Hinderance

   Spells                             Type                      Level
   a - Confusing Touch                Hexes                        2
   b - Confuse                        Hexes                        3
   c - Petrify                        Transmutation/Earth          4
   d - Metabolic Englaciation         Hexes/Ice                    5
   e - Gell's Gravitas                Hexes/Translocation          5
   f - Summon Mana Viper              Hexes/Summoning              5
 H - a book of Changes

   Spells                             Type                      Level
   a - Beastly Appendage              Transmutation                1
   b - Sticks to Snakes               Transmutation                2
   c - Spider Form                    Transmutation/Poison         3
   d - Ice Form                       Ice/Transmutation            4
   e - Blade Hands                    Transmutation                5
Comestibles
 f - 2 bread rations
 m - 4 fruits
 o - 2 meat rations
 r - a beef jerky


   Skills:
 + Level 3.4 Fighting
 + Level 1.5(1.8) Axes
 + Level 1.3(1.7) Maces & Flails
 * Level 5.9 Crossbows
 + Level 2.3 Armour
 + Level 2.8 Dodging
 + Level 0.8 Stealth


You had 5 spell levels left.
You didn't know any spells.

Dungeon Overview and Level Annotations

Branches:
Dungeon (6/15)             Temple (1/1) D:4

Altars:
Dithmenos
Elyvilon
Kikubaaqudgha
Okawaru
Qazlal
Ru
Sif Muna
Xom
Yredelemnul

Annotations:
D:4 CrazyArbalest's ghost, experienced CeHu


Innate Abilities, Weirdness & Mutations

You have hooves in place of feet.
Armour fits poorly on your strangely shaped body.
You cover ground very quickly.
You have extremely tough skin (AC +3).


Message History

You feel very sick. The centaur hits you.
You barely miss the centaur.
* * * LOW HITPOINT WARNING * * *
You feel very sick.
The centaur hits you but does no damage.
The centaur hits you!
* * * LOW HITPOINT WARNING * * *
The centaur misses you.
Drink which item? (? for menu, Esc to quit)
It was a potion of flight.
You feel very buoyant.
You fly up into the air.
* * * LOW HITPOINT WARNING * * *
You feel sick. The centaur hits you.
* * * LOW HITPOINT WARNING * * *
Drink which item? (? for menu, Esc to quit)
It was a potion of poison.
That liquid tasted very nasty...
You are more poisoned.
You die...

.. #............+
#(##.#...#.†.####
#....(.(.#...#
####.#(..#...#
#.#...#...#
..######(#.......#
.......((.........
#!######.#...##..#.
#@#.......#.
#......c.......
#.............
#.............
...####+#.#.### #
...# .### ##


You could see a centaur.

Vanquished Creatures
  An ogre (D:4)
  A scorpion (D:6)
  A giant frog zombie (D:6)
  3 orc priests
  A giant frog skeleton (D:4)
  An iguana (D:4)
  A worker ant (D:3)
  5 adders
  A shadow imp (D:3)
  A worm (D:3)
  3 giant geckos
  3 oozes
  15 orcs
  7 giant cockroaches
  3 hobgoblins
  12 jackals
  8 kobolds
  9 bats
  5 giant newts
  6 goblins
  A jackal skeleton (D:6)
  A quokka zombie (D:4)
  7 rats
96 creatures vanquished.

Vanquished Creatures (others)
  An adder (D:3)
  4 toadstools (D:1)
5 creatures vanquished.

Grand Total: 101 creatures vanquished

Notes
Turn   | Place    | Note
--------------------------------------------------------------
     0 | D:1      | CrazyArbalest, the Centaur Hunter, began the quest for the Orb.
     0 | D:1      | Reached XP level 1. HP: 17/17 MP: 1/1
   186 | D:1      | Reached XP level 2. HP: 9/24 MP: 2/2
   604 | D:1      | Reached skill level 5 in Crossbows
   986 | D:2      | Reached XP level 3. HP: 26/29 MP: 3/3
  1977 | D:3      | Reached skill level 1 in Armour
  2108 | D:3      | Found an ancient bone altar of Kikubaaqudgha.
  2130 | D:3      | Reached XP level 4. HP: 14/36 MP: 3/3
  2493 | D:3      | Found a stormy altar of Qazlal.
  3424 | D:4      | Noticed an ogre
  3446 | D:4      | Noticed CrazyArbalest's ghost (experienced CeHu)
  3636 | D:3      | Reached XP level 5. HP: 39/42 MP: 4/4
  3850 | D:4      | Killed an ogre
  3850 | D:4      | Reached skill level 1 in Maces & Flails
  3970 | D:4      | Reached XP level 6. HP: 25/50 MP: 5/5
  4321 | D:4      | Found a staircase to the Ecumenical Temple.
  4353 | Temple   | Entered the Ecumenical Temple
  4556 | D:4      | Reached skill level 1 in Axes
  5457 | D:3      | You fall through a shaft!
  5642 | D:6      | HP: 2/51 [centaur (2)]
  5643 | D:6      | Succumbed to poison (a potion of poison)

Action                   |  1- 3 |  4- 6 || total
-------------------------+-------+-------++-------
Melee: Short sword       |    82 |       ||    82
       Whip              |   106 |     5 ||   111
       Flail             |       |    31 ||    31
       War axe           |       |   143 ||   143
 Fire: Hand crossbow     |    11 |    31 ||    42
  Use: Potion            |       |     2 ||     2
  Eat: Chunk             |     3 |     9 ||    12
